 Dungeon Sprint DCSS version 0.28-a0-476-g0f06bd746f (webtiles) character file.

Game seed: 6108665616500242525

2616 xpp the Unseen (level 9, -3/81 HPs)
             Began as an Octopode Conjurer on Sept 17, 2021.
             Was a High Priest of Dithmenos.
             Slain by a spriggan (8 damage)
             ... in the Dungeon (Sprint V: "Ziggurat Sprint").
             The game lasted 00:13:21 (521 turns).

xpp the Unseen (Octopode Conjurer)                   Turns: 521, Time: 00:13:21

Health: -3/81      AC:  5    Str: 18    XL:     9   Next: 60%
Magic:  15/15      EV: 20    Int: 21    God:    Dithmenos [*****.]
Gold:   0          SH: 16    Dex: 27    Spells: 15/16 levels left

rFire   + . .      SeeInvis +   C - +5 quick blade
rCold   + . .      Faith    .   D - +3 kite shield
rNeg    . . .      Spirit   .   (helmet restricted)
rPois   +          Reflect  .   (no amulet)
rElec   .          Harm     .   j - ring of Vamic {AC+4 Str-3 Dex+5 Slay+3 SInv}
rCorr   .          Rampage  .   q - ring of flight
Will    .....      NoTele   +   r - +6 ring of dexterity
Stlth   ..........              s - +6 ring of dexterity
HPRegen 0.23/turn               F - ring of Gamunayw {rPois rF+}
MPRegen 0.14/turn               I - ring of Mekax {rC+ SInv}
                                v - +6 ring of strength
                                w - +6 ring of strength

@: berserking, flying, very slightly contaminated, wreathed by umbra, studying
Slings, invisible, very quick
A: almost no armour, amphibious, 8 rings, camouflage 1, gelatinous body 1,
(nimble swimmer 1), tentacles
a: Renounce Religion, Shadow Step, Shadow Form


You were in the Dungeon.
You worshipped Dithmenos.
Dithmenos was extremely pleased with you.
You visited 1 branch

Inventory:

Hand Weapons
 C - a +5 quick blade (weapon)
 E - the +9 heavy crossbow "Sniper" {vorpal, Acc+∞ SInv}
   (You found it in the Dungeon)

   Any ammunition fired from it inflicts extra damage upon your enemies.
   Any ammunition fired from it never misses its target.
   SInv:      It lets you see invisible.
Missiles
 B - 1000 bolts
Armour
 t - a +0 buckler of reflection
 D - a +3 kite shield (worn)
Jewellery
 j - the ring of Vamic (left tentacle) {AC+4 Str-3 Dex+5 Slay+3 SInv}
   (You found it in the Dungeon)

   [ring of protection]

   AC:        It affects your AC (+4).
   Str:       It affects your strength (-3).
   Dex:       It affects your dexterity (+5).
   Slay:      It affects your accuracy & damage with ranged weapons and melee
   (+3).
   SInv:      It lets you see invisible.
 q - a ring of flight (right tentacle)
 r - a +6 ring of dexterity (on tentacle)
 s - a +6 ring of dexterity (on tentacle)
 v - a +6 ring of strength (on tentacle)
 w - a +6 ring of strength (on tentacle)
 F - the ring of Gamunayw (on tentacle) {rPois rF+}
   (You found it in the Dungeon)

   [ring of protection from fire]

   rF:        It protects you from fire.
   rPois:     It protects you from poison.
 I - the ring of Mekax (on tentacle) {rC+ SInv}
   (You found it in the Dungeon)

   [ring of protection from cold]

   rC:        It protects you from cold.
   SInv:      It lets you see invisible.
Wands
 x - a wand of mindburst (7)
 z - a wand of acid (2)
Scrolls
 f - 3 scrolls of blinking
 l - 4 scrolls of amnesia
 m - 7 scrolls of fog
 n - a scroll of holy word
 o - 5 scrolls of identify
 p - 2 scrolls of fear
 G - a scroll of brand weapon
Potions
 a - 10 potions of curing
 b - 10 potions of heal wounds
 c - 6 potions of haste
 d - 7 potions of magic
 e - a potion of berserk rage
 g - 2 potions of brilliance
 i - 4 potions of resistance
 k - 6 potions of might
Miscellaneous
 u - a tin of tremorstones (2/2)
 A - a lightning rod (4/4)


   Skills:
 - Level 1.8 Fighting
 + Level 6.0 Short Blades
 + Level 9.0 Dodging
 + Level 16.0 Stealth
 + Level 7.0 Shields
 - Level 4.2 Spellcasting
 - Level 12.5 Conjurations
 - Level 1.8 Evocations


You had 15 spell levels left.
You knew the following spells:

 Your Spells              Type           Power      Damage    Failure   Level
a - Magic Dart            Conj           100%       1d8       1%          1

Your spell library contained the following spells:

 Spells                   Type           Power      Damage    Failure   Level
 Searing Ray              Conj           100%       2d8       1%          2
 Dazzling Flash           Conj/Hex       60%        N/A       8%          3
 Fulminant Prism          Conj/Hex       15%        3d11      26%         4
 Iskenderun's Mystic Bla  Conj/Tloc      30%        2d8       26%         4
 Sting                    Tmut/Pois      16%        1d3       32%         1
 Poisonous Vapours        Pois/Air       8%         N/A       45%         2
 Slow                     Hex            4%         N/A       45%         2
 Confusing Touch          Hex            4%         N/A       69%         3
 Olgreb's Toxic Radiance  Pois           4%         N/A       97%         4
 Yara's Violent Unravell  Hex/Tmut       2%         3d3       100%        5


Dungeon Overview and Level Annotations

Branches:
Dungeon (1/1)

Altars:
Ashenzari
Cheibriados
Dithmenos
Elyvilon
Fedhas
Gozag
Hepliaklqana
Kikubaaqudgha
Makhleb
Nemelex Xobeh
Okawaru
Qazlal
Ru
Sif Muna
Trog
Uskayaw
Vehumet
Wu Jian
Xom
Yredelemnul
Zin
The Shining One
Beogh
Jiyva
Lugonu

Annotations:
D 1 transporter


Innate Abilities, Weirdness & Mutations

You cannot wear most types of armour.
You are amphibious.
You can wear up to eight rings at the same time.
Your skin changes colour to match your surroundings (Stealth+).
Your rubbery body absorbs attacks. (AC +1, EV +1)
((You are camouflaged near water. (Stealth+)))
You have tentacles for arms and can constrict up to eight enemies at once.


Message History

The wolf closely misses you. The black bear barely misses you.
The black bear claws you but does no damage.
The black bear misses you. You block the spriggan rider's attack.
The spriggan completely misses you.
You puncture the spriggan druid! Your grab misses the spriggan druid.
The spriggan druid is severely wounded.
You puncture the spriggan druid!
With its final breath, the spriggan druid offers up its power to the beasts of the wild!
The wolf seems to grow more fierce.
The black bear seems to grow more fierce.
You kill the spriggan druid!
Dithmenos accepts your kill. The wolf closely misses you.
You block the spriggan rider's attack. The black bear completely misses you.
You block the black bear's attack. The black bear claws you.
The spriggan completely misses you.
Your Short Blades skill increases to level 5!
Your Stealth skill increases to level 15!
You puncture the wolf! You grab the wolf. You squeeze the wolf.
The wolf is heavily wounded.
You constrict the wolf, but do no damage.
The wolf closely misses you.
You hit the wolf. You squeeze the wolf.
You kill the wolf!
Dithmenos accepts your kill.
You catch the helpless black bear completely off-guard!
You spit the black bear like a pig!!!
You kill the black bear!
Dithmenos accepts your kill.
The spriggan hits you with a +0 short sword.
The spriggan rider hits you from afar with a +0 spear!!
* * * LOW HITPOINT WARNING * * *
Your Short Blades skill increases to level 6!
Your Dodging skill increases to level 9!
Your Stealth skill increases to level 16!
Your Shields skill increases to level 7!
You are too berserk!
The spriggan rider hits you with a +0 spear!
* * * LOW HITPOINT WARNING * * *
The spriggan hits you with a +0 short sword!
You die...

▓.......▓
▓.......▓
▓...©...▓
▓▓▓▓▓▓▓▓▓
▓..8©8..▓
▓..[=[..▓
▓§§§))..▓
▓§§§....▓
▓§@i....▓
▓i§.....▓
▓§......▓
▓§▓...▓.▓
▓...©...▓
▓▓▓▓▓▓▓▓▓


You could see a spriggan rider and a spriggan.

Vanquished Creatures
  A spriggan druid (D)
  A deep elf zephyrmancer (D)
  A deep elf pyromancer (D)
  A komodo dragon (D)
  Sigmund (D)
  A yak (D)
  A basilisk (D)
  A black bear (D)
  3 wolves (D)
  A bullfrog (D)
  Blork the orc (D)
  A crimson imp (D)
  A quasit (D)
  Crazy Yiuf (D)
  Jessica (D)
  An iguana (D)
  A shadow imp (D)
  A white imp (D)
  An ufetubus (D)
  A bat skeleton (D)
  4 jackals (D)
  A ball python zombie (D)
  A jackal zombie (D)
28 creatures vanquished.

Notes
Turn   | Place    | Note
-------+----------+-------------------------------------------
     0 | D        | xpp the Octopode Conjurer began the quest for the Orb.
     0 | D        | Reached XP level 1. HP: 11/11 MP: 3/3
     0 | D        | Found a shimmering blue altar of Sif Muna.
     0 | D        | Found a sacrificial altar of Ru.
     0 | D        | Found a bloodstained altar of Trog.
     0 | D        | Found a stormy altar of Qazlal.
     0 | D        | Found an iron altar of Okawaru.
     0 | D        | Found a sparkling altar of Nemelex Xobeh.
     0 | D        | Found a blossoming altar of Fedhas.
     0 | D        | Found the +6 Majin-Bo {vamp, MP+6 Int+6}
     0 | D        | Found the +9 heavy crossbow "Sniper" {vorpal, Acc+∞ SInv}
     0 | D        | Found the +10 dark maul {vorpal}
     0 | D        | Found the +15 Maxwell's patent armour {-Cast -Tele rElec
                  | Will+ rCorr}
     0 | D        | Found the +18 shield of the Gong {rElec rN+ Will+ EV-5}
     0 | D        | Found the +14 obsidian axe {vorpal, Mesm Drain Fly SInv}
     0 | D        | Found the +7 great mace "Firestarter" {inner flame, rF++}
     0 | D        | Found the +6 shillelagh "Devastator" {shatter}
     0 | D        | Found the +11 plutonium sword {Contam Stlth-}
     0 | D        | Found the +8 lance "Wyrmbane" {slay drac, rPois rF+ rC+
                  | AC+3}
     0 | D        | Found the +9 sword of Zonguldrok {reap}
     0 | D        | Found the +13 scythe of Curses {drain, Drain}
     0 | D        | Found the +5 sword of Power {vorpal}
     0 | D        | Found the +7 mace of Variability {chain chaos}
     0 | D        | Found the +7 Singing Sword {vorpal, sonic wave}
     0 | D        | Found the +8 storm bow {elec, penet}
     2 | D        | Found a transporter.
     2 | D        | Found an ancient bone altar of Kikubaaqudgha.
     2 | D        | Found a viscous altar of Jiyva.
     2 | D        | Found a corrupted altar of Lugonu.
     2 | D        | Found a hazy altar of Hepliaklqana.
     2 | D        | Found a burning altar of Makhleb.
     2 | D        | Found an opulent altar of Gozag.
    25 | D        | Became a worshipper of Dithmenos the Shadowed
    54 | D        | Reached skill level 6 in Stealth
    54 | D        | Reached XP level 2. HP: 17/17 MP: 5/5
    58 | D        | Entered arena 2.
    58 | D        | Noticed a deep elf pyromancer
    58 | D        | Noticed a deep elf zephyrmancer
    58 | D        | Found a transporter.
    68 | D        | Noticed a fire elemental
    68 | D        | Noticed a fire elemental
    69 | D        | Killed a deep elf pyromancer
    70 | D        | Reached skill level 5 in Dodging
    70 | D        | Reached skill level 9 in Stealth
    70 | D        | Reached skill level 1 in Evocations
    70 | D        | Reached XP level 3. HP: 15/22 MP: 6/8
    70 | D        | Reached XP level 4. HP: 18/27 MP: 6/9
    70 | D        | Reached XP level 5. HP: 21/32 MP: 6/10
    70 | D        | Reached XP level 6. HP: 25/37 MP: 6/11
    75 | D        | Killed a deep elf zephyrmancer
    76 | D        | Reached skill level 1 in Fighting
    76 | D        | Reached skill level 11 in Stealth
    76 | D        | Reached XP level 7. HP: 30/44 MP: 6/13
    76 | D        | Reached XP level 8. HP: 35/50 MP: 6/14
   171 | D        | Got the ring of Vamic {AC+4 Str-3 Dex+5 Slay+3 SInv}
   186 | D        | Entered arena 3.
   186 | D        | Found a transporter.
   192 | D        | Reached * piety under Dithmenos
   200 | D        | Got the ring of Gamunayw {rPois rF+}
   208 | D        | Entered arena 4.
   208 | D        | Noticed Sigmund
   208 | D        | Noticed Jessica
   208 | D        | Noticed Blork the orc
   208 | D        | Noticed Crazy Yiuf
   208 | D        | Found a transporter.
   210 | D        | Killed Crazy Yiuf
   210 | D        | Reached ** piety under Dithmenos
   210 | D        | Killed Jessica
   211 | D        | Killed Sigmund
   211 | D        | Killed Blork the orc
   212 | D        | Reached skill level 12 in Stealth
   231 | D        | Entered arena 5.
   231 | D        | Found a transporter.
   235 | D        | Reached *** piety under Dithmenos
   236 | D        | Reached skill level 13 in Stealth
   253 | D        | Entered arena 6.
   253 | D        | Found a transporter.
   255 | D        | Reached **** piety under Dithmenos
   385 | D        | Entered arena 7.
   385 | D        | Noticed a komodo dragon
   385 | D        | Noticed a yak
   386 | D        | Found a transporter.
   398 | D        | Reached ***** piety under Dithmenos
   399 | D        | Reached skill level 5 in Shields
   401 | D        | Killed a yak
   402 | D        | Reached skill level 14 in Stealth
   407 | D        | Killed a komodo dragon
   408 | D        | Reached XP level 9. HP: 54/54 MP: 15/15
   483 | D        | Got the ring of Mekax {rC+ SInv}
   500 | D        | Entered arena 8.
   500 | D        | Noticed a spriggan druid
   500 | D        | Noticed a spriggan rider
   506 | D        | Found a transporter.
   517 | D        | Killed a spriggan druid
   518 | D        | Reached skill level 5 in Short Blades
   518 | D        | Reached skill level 15 in Stealth
   521 | D        | Reached skill level 16 in Stealth
   521 | D        | Slain by a spriggan

Illustrated notes

Levels and vault maps discovered:
D:        sprint_v [room_start, room_1, room_2, room_3, room_4, room_5, room_6,
          room_7, room_8, room_9, room_10, room_11, room_12, room_13, room_14,
          room_15, room_16, room_17, room_18, room_19, room_20, room_21,
          room_22, room_23, room_24, room_25, room_26, room_27]

Skill      XL: |  1  2  3  4  5  6  7  8  9 |
---------------+----------------------------+-----
Dodging        | 4 5 6 8 9 |  9.0
Stealth        | 6 9 11 14 16 | 16.0
Shields        | 4 6 7 |  7.0
Spellcasting   | 3 4 |  4.2
Conjurations   | 11 12 | 12.5
Evocations     | 1 |  1.8
Fighting       | 1 |  1.8
Short Blades   | 2 4 6 |  6.0

Action                   |  1- 3 |  4- 6 |  7- 9 || total
-------------------------+-------+-------+-------++-------
Melee: Quick blade       |     8 |     5 |    32 ||    45
       Tentacles         |     1 |       |     8 ||     9
       Constrict         |       |     1 |     8 ||     9
Evoke: Wand              |     2 |       |    10 ||    12
       Lightning rod     |       |       |     1 ||     1
  Use: Potion            |     2 |       |     3 ||     5
       Scroll            |       |       |     1 ||     1
 Stab: Invisible         |     2 |     1 |     1 ||     4
       Sleeping          |       |       |     4 ||     4
Armor: Skin              |       |       |     4 ||     4
Dodge: Dodged            |     4 |     2 |    25 ||    31
Block: Kite shield       |     2 |     1 |    40 ||    43

Table legend: (Time is in decaauts)
 A = Elapsed time spent in this place.
 B = Non-inter-level travel time spent in this place.
 C = Inter-level travel time spent in this place.
 D = Time resting spent in this place.
 E = Time spent auto-exploring this place.
 F = Levels seen in this place.
 G = Mean time per level.
                   A        B        C        D        E       F      G
               +--------+--------+--------+--------+--------+-----+--------+
         Total |    514 |    514 |      0 |    285 |      0 |   1 |  514.0 |
       Dungeon |    514 |    514 |      0 |    285 |      0 |   1 |  514.0 |
               +--------+--------+--------+--------+--------+-----+--------+

Top non-repeatable levels by time:
       D: 514 daAuts
